 Dungeon Crawl Stone Soup version 0.26-a0-412-ga3d1f51b80 (webtiles) character file.

Game seed: 16514520928797314577

89 KristoblXynda the Slasher (level 4, 0/38 HPs)
             Began as a Draconian Gladiator on July 24, 2020.
             Succumbed to an adder's poison
             ... on level 2 of the Dungeon.
             The game lasted 00:02:10 (1641 turns).

KristoblXynda the Slasher (Draconian Gladiator)     Turns: 1641, Time: 00:02:11

Health: 0/38       AC:  6    Str: 13 (16) XL:     4   Next: 31%
Magic:  4/4        EV: 13    Int:  8 (10) God:
Gold:   34         SH:  0    Dex:  9 (12) Spells: 3/3 levels left

rFire    . . .     SeeInvis .   a - +0 long sword
rCold    . . .     Faith    .   (no shield)
rNeg     . . .     Spirit   .   (armour unavailable)
rPois    .         Reflect  .   b - +0 hat
rElec    .         Harm     .   (no cloak)
rCorr    .                      (no gloves)
MR       .....                  i - +0 pair of boots
Stlth    +.........             (no amulet)
HPRegen  0.12/turn              (no ring)
MPRegen  0.09/turn              (no ring)

@: lethally poisoned (0 -> -6), flying
A: unfitting armour, cold-blooded, AC +5
a: no special abilities


You were on level 2 of the Dungeon.
You visited 1 branch of the dungeon, and saw 2 of its levels.

You collected 34 gold pieces.

Inventory:

Hand Weapons
 a - a +0 long sword (weapon)
Missiles
 c - 3 throwing nets (quivered)
Armour
 b - a +0 hat (worn)
 i - a +0 pair of boots (worn)
Jewellery
 d - an uncursed ring of wizardry {unknown}
Scrolls
 e - a scroll of random uselessness {unknown}
 g - 2 scrolls of enchant armour {unknown}
 h - 2 scrolls of blinking {unknown}
 k - 2 scrolls of remove curse {unknown}
 l - 2 scrolls of identify {unknown}
 m - a scroll of fog {unknown}
Potions
 j - a potion of degeneration


   Skills:
 + Level 3.1 Fighting
 + Level 3.6 Long Blades
 + Level 2.5 Throwing
 + Level 3.3 Dodging


You had 3 spell levels left.
You didn't know any spells.
Your spell library was empty.

Dungeon Overview and Level Annotations

Branches:
Dungeon (2/15)

Altars:


Innate Abilities, Weirdness & Mutations

Your plain brown scales are hard. (AC +5)
You cannot fit into any form of body armour.
You are cold-blooded and may be slowed by cold attacks.


Message History

The adder closely misses you.
You riposte.
You hit the adder.
You kill the adder!
It was a potion of flight.
You feel very buoyant.
You fly up into the air.
* * * LOW HITPOINT WARNING * * *
You feel sick.
Unknown command.
There is a lethal amount of poison in your body!
There is a lethal amount of poison in your body!
There is a lethal amount of poison in your body!
* * * LOW HITPOINT WARNING * * *
You feel sick.
* * * LOW HITPOINT WARNING * * *
You feel sick.
* * * LOW HITPOINT WARNING * * *
You feel sick.
* * * LOW HITPOINT WARNING * * *
You feel sick.
You die...

#.......#....#
#.......#....#
#.......#....#
##.......#....# ..
#........#....#######..
#.)......#.............
#....#.###............#
#... #.# #.##.........#
### #@###.##.........#
#.....##.........#
########.....(...#
#.................
#.................
#....)............
##........#####....
#.........# #....
#.........# ####.##


There were no monsters in sight!

Vanquished Creatures
  4 adders (D:2)
  A worm (D:2)
  2 dart slugs
  A leopard gecko (D:1)
  2 giant cockroaches
  3 goblins
  4 hobgoblins (D:1)
  12 jackals
  4 bats
  4 frilled lizards (D:1)
  2 kobolds (D:1)
  3 rats (D:1)
42 creatures vanquished.

Notes
Turn   | Place    | Note
-------+----------+-------------------------------------------
     0 | D:1      | KristoblXynda the Draconian Gladiator began the quest for
                  | the Orb.
     0 | D:1      | Reached XP level 1. HP: 17/17 MP: 1/1
   232 | D:1      | Reached XP level 2. HP: 22/25 MP: 2/2
   707 | D:1      | Reached XP level 3. HP: 15/30 MP: 3/3
  1619 | D:2      | Reached XP level 4. HP: 26/38 MP: 4/4
  1637 | D:2      | HP: 1/38 [poisoned by an adder]
  1641 | D:2      | Succumbed to an adder's poison

Illustrated notes

Levels and vault maps discovered:
D:1:      minmay_arrival_diagonal_passages, layout_basic
D:2:      minmay_razor_zed, layout_basic

Skill      XL: |  1  2  3 |
---------------+----------+-----
Throwing       | 2 |  2.5
Dodging        | 3 |  3.3
Fighting       | 3 |  3.1
Long Blades    | |  3.6

Action                   |  1- 3 |  4- 6 || total
-------------------------+-------+-------++-------
Melee: Long sword        |   109 |    13 ||   122
       Tailslap          |    19 |     4 ||    23
  Use: Potion            |       |     2 ||     2
Armor: Skin              |    49 |     4 ||    53
Dodge: Dodged            |    95 |    14 ||   109
       Rpst.: Long sword |    23 |     7 ||    30

Table legend: (Time is in decaauts)
 A = Elapsed time spent in this place.
 B = Non-inter-level travel time spent in this place.
 C = Inter-level travel time spent in this place.
 D = Time resting spent in this place.
 E = Time spent auto-exploring this place.
 F = Levels seen in this place.
 G = Mean time per level.
                   A        B        C        D        E       F      G
               +--------+--------+--------+--------+--------+-----+--------+
         Total |   1670 |   1618 |     52 |    106 |   1155 |   2 |  835.0 |
       Dungeon |   1670 |   1618 |     52 |    106 |   1155 |   2 |  835.0 |
               +--------+--------+--------+--------+--------+-----+--------+

Top non-repeatable levels by time:
     D:1: 1154 daAuts
     D:2: 515 daAuts
